 Dungeon Crawl Stone Soup version 0.23-a0-180-ga5275e7 (webtiles) character file.

15974 mopl the Grappler (level 12, -5/106 HPs)
             Began as a Barachi Transmuter on Sept 18, 2018.
             Was a High Priest of Cheibriados.
             Slain by an eight-headed hydra (9 damage)
             ... on level 3 of the Lair of Beasts.
             The game lasted 00:33:26 (17134 turns).

mopl the Grappler (Barachi Transmuter)             Turns: 17134, Time: 00:33:26

Health: -5/106     AC:  8    Str: 25    XL:     12   Next: 32%
Magic:  15/19      EV: 21    Int: 30    God:    Cheibriados [*****.]
Gold:   917        SH:  0    Dex: 24    Spells: 2/21 levels left

rFire    x . .     SeeInvis .     - Unarmed
rCold    + + +     Gourm    .   (shield currently unavailable)
rNeg     . . .     Faith    .   (armour currently unavailable)
rPois    +         Spirit   .   (helmet currently unavailable)
rElec    .         Reflect  .   (cloak currently unavailable)
rCorr    .         Harm     .   (gloves currently unavailable)
MR       +....                  (boots currently unavailable)
Stlth    ++........             (no amulet)
HPRegen  0.27/turn              o - ring of protection from magic
MPRegen  0.16/turn              j - +5 ring of evasion {=R}

@: ice-form, very slow
A: large, +LOS, swims
a: End Transformation, Bend Time, Temporal Distortion, Slouch, Step From Time,
Renounce Religion


You were on level 3 of the Lair of Beasts.
You worshipped Cheibriados.
Cheibriados was extremely pleased with you.
You were not hungry.
You were a creature of crystalline ice.
You visited 3 branches of the dungeon, and saw 14 of its levels.
You also visited: Sewer.

You collected 917 gold pieces.

Inventory:

Hand Weapons
 b - a +0 hunting sling of velocity (melded)
Missiles
 a - 216 arrows
 i - 199 stones (quivered)
 v - 14 tomahawks
 x - 51 sling bullets
 S - a throwing net
Armour
 q - a +1 helmet (melded)
 F - a +1 pair of boots (melded)
 V - a +0 robe of fire resistance (melded)
 Y - a +0 pair of gloves (melded)
Jewellery
 f - an uncursed ring of protection from cold
 j - a +5 ring of evasion (right front paw) {=R}
 o - a ring of protection from magic (left front paw)
 t - an uncursed ring of flight
 I - an uncursed ring of positive energy
 T - an uncursed ring of fire
Wands
 u - a wand of scattershot (6)
 N - a wand of flame (51)
 O - a wand of clouds (12)
 P - a wand of enslavement (9)
 Q - a wand of iceblast (11)
 W - a wand of disintegration (16)
Scrolls
 c - 2 scrolls of noise {unknown}
 e - 3 scrolls of enchant weapon {unknown}
 h - a scroll of blinking {unknown}
 m - 2 scrolls of fear {unknown}
 r - 7 scrolls of remove curse
 w - 3 scrolls of immolation {unknown}
 y - a scroll of fog {unknown}
 A - 3 scrolls of magic mapping {unknown}
 B - 5 scrolls of teleportation {unknown}
 E - 6 scrolls of enchant armour {unknown}
 J - a scroll of summoning {unknown}
 R - a scroll of amnesia
Potions
 g - 11 potions of curing
 n - a potion of magic
 s - 3 potions of brilliance
 z - 4 potions of lignification {!q}
 D - a potion of resistance
 G - 4 potions of flight
 L - 3 potions of might
 M - 3 potions of agility
Miscellaneous
 k - a sack of spiders
Comestibles
 d - 23 rations


   Skills:
 + Level 6.8 Fighting
 + Level 5.9 Throwing
 + Level 6.7 Dodging
 * Level 13.2 Unarmed Combat
 + Level 5.1 Spellcasting
 + Level 0.9 Charms
 + Level 0.8 Necromancy
 - Level 9.0 Transmutations
 - Level 4.0 Ice Magic
 - Level 2.0 Poison Magic
 * Level 5.8 Invocations


You had 2 spell levels left.
You knew the following spells:

 Your Spells              Type           Power        Failure   Level  Hunger
a - Apportation           Tloc           #.....       6%          1    None
b - Spider Form           Tmut/Pois      #####.....   1%          3    None
c - Blade Hands           Tmut           ######....   4%          5    #####..
d - Ice Form              Ice/Tmut       #####...     4%          4    ###....
e - Beastly Appendage     Tmut           ######       1%          1    None
r - Regeneration          Chrm/Necr      ##........   12%         3    None
w - Sticks to Snakes      Tmut           ######..     1%          2    None

Your spell library contained the following spells:

 Spells                   Type           Power        Failure   Level  Hunger
 Animate Skeleton         Necr           N/A          4%          1    None
 Pain                     Necr           ##..         4%          1    None
 Flame Tongue             Conj/Fire      #....        6%          1    None
 Throw Flame              Conj/Fire      #.....       9%          2    None
 Vampiric Draining        Necr           ##........   12%         3    None
 Conjure Flame            Conj/Fire      #.......     17%         3    None
 Inner Flame              Hex/Fire       #.......     17%         3    None
 Animate Dead             Necr           N/A          38%         4    ###....
 Sticky Flame             Conj/Fire      #.......     50%         4    ###....
 Fireball                 Conj/Fire      #.........   85%         5    #####..


Dungeon Overview and Level Annotations

Branches:
Dungeon (10/15)            Temple (1/1) D:7            Lair (3/6) D:10
 Spider (0/4) Lair:2          Orc (0/2) D:10
  Swamp: Lair:2-4    Shoals: Lair:2-4

Altars:
Ashenzari
Cheibriados
Dithmenos
Elyvilon
Fedhas
Gozag
Hepliaklqana
Kikubaaqudgha
Makhleb
Nemelex Xobeh
Okawaru
Qazlal
Ru
Sif Muna
Trog
Uskayaw
Vehumet
Wu Jian
Xom
Yredelemnul
Zin
The Shining One

Shops:
D:9 :


Innate Abilities, Weirdness & Mutations

Shadows flee at your approach. (+LOS)
You can swim through water.
((You cover ground slowly.))
((You can hop short distances.))


Message History

You pummel the eight-headed hydra!! You freeze the eight-headed hydra.
The eight-headed hydra is almost dead.
The eight-headed hydra bites you but does no damage. x2
The eight-headed hydra bites you.
The eight-headed hydra bites you but does no damage.
The eight-headed hydra bites you. The eight-headed hydra bites you!
* * * LOW HITPOINT WARNING * * *
The eight-headed hydra bites you!
* * * LOW HITPOINT WARNING * * *
The eight-headed hydra misses you.
Unknown command.
You completely miss the eight-headed hydra.
The eight-headed hydra is almost dead.
The eight-headed hydra bites you.
* * * LOW HITPOINT WARNING * * *
The eight-headed hydra barely misses you.
The eight-headed hydra bites you!
* * * LOW HITPOINT WARNING * * *
The eight-headed hydra bites you!
You die...

..... .. .? .......
.# .(.
.P.....####.###... #.
....).#....#.....
#..###..........$....
...........$...(.....
.....................
.....................
>...........YD.......
.....................
#..................
##............(....
#.....P.##.#..#(.(
##....##.......#((
+.+.....#......P#...
#..............#....#
##....#.............#


You could see an eight-headed hydra.

Vanquished Creatures
  Harold (D:9)
  A hydra (Lair:2)
  A two-headed ogre (D:10)
  The ghost of CasualChangeling the Twirler, a novice DrWn of Wu Jian (D:7)
  An unseen horror (D:10)
  An ugly thing (D:10)
  A black mamba (Lair:2)
  2 spiny frogs
  A gargoyle (D:10)
  2 komodo dragons
  A rime drake (Lair:2)
  A hornet (D:10)
  Grinder (D:4)
  3 hippogriffs
  An air elemental (D:10)
  A vampire (D:7)
  A shadow (D:10)
  2 wyverns
  A fire elemental (D:10)
  A water elemental (D:10)
  3 basilisks (Lair:1)
  2 hungry ghosts (D:7)
  Menkaure (D:4)
  Edmund (D:4)
  3 swamp worms (Lair:1)
  6 orc warriors
  7 porcupines
  An eye of draining (D:9)
  2 ice beasts
  2 black bears
  3 phantoms
  A necrophage (D:7)
  3 ogres
  6 centaurs
  3 crocodiles (Lair:2)
  12 bullfrogs
  An earth elemental (D:10)
  A gnoll sergeant (D:8)
  4 scorpions
  11 killer bees
  5 wights (D:4)
  9 howler monkeys
  4 crimson imps
  2 bullfrog zombies
  2 quasits
  4 hounds
  3 jellies
  3 orc priests
  A bullfrog skeleton (D:7)
  A centaur skeleton (D:6)
  7 iguanas
  19 orc wizards
  11 worker ants
  A hound zombie (D:9)
  2 hound skeletons (D:9)
  A howler monkey zombie (D:9)
  Robin (D:2)
  13 adders
  17 gnolls
  8 river rats (Sewer)
  2 shadow imps (D:7)
  3 oozes
  2 adder zombies
  4 worms
  A dart slug (D:1)
  11 leopard geckos
  53 orcs
  7 ball pythons
  8 bats
  11 giant cockroaches
  15 goblins
  7 hobgoblins
  8 jackals
  20 kobolds
  3 frilled lizards
  A leopard gecko skeleton (D:6)
  2 quokka skeletons
  23 rats
  A fungus (D:1)
  A plant (D:10)
395 creatures vanquished.

Vanquished Creatures (others)
  An orc wizard (D:5)
  2 fungi (Lair:1)
  8 plants
11 creatures vanquished.

Grand Total: 406 creatures vanquished

Notes
Turn   | Place    | Note
-------+----------+-------------------------------------------
     0 | D:1      | mopl the Barachi Transmuter began the quest for the Orb.
     0 | D:1      | Reached XP level 1. HP: 15/15 MP: 3/3
   102 | D:1      | Reached XP level 2. HP: 12/21 MP: 1/5
   109 | D:1      | Learned a level 2 spell: Sticks to Snakes
   464 | D:1      | Reached XP level 3. HP: 25/26 MP: 4/6
   477 | D:1      | Reached skill level 4 in Unarmed Combat
   482 | D:1      | Learned a level 3 spell: Spider Form
  1424 | D:2      | Noticed Robin
  1433 | D:2      | Killed Robin
  1436 | D:2      | Reached XP level 4. HP: 32/32 MP: 4/8
  1450 | D:2      | Reached skill level 3 in Transmutations
  1829 | D:2      | Reached skill level 1 in Poison Magic
  2349 | D:3      | Reached skill level 3 in Spellcasting
  2349 | D:3      | Reached XP level 5. HP: 35/37 MP: 5/9
  2550 | D:3      | Reached skill level 5 in Unarmed Combat
  2947 | D:4      | Learned a level 4 spell: Ice Form
  3062 | D:4      | Reached skill level 2 in Poison Magic
  3062 | D:4      | Reached XP level 6. HP: 35/43 MP: 9/11
  3086 | D:4      | Noticed Edmund
  3110 | D:4      | Killed Edmund
  3110 | D:4      | Reached skill level 1 in Ice Magic
  3502 | D:4      | Reached skill level 4 in Transmutations
  3502 | D:4      | Reached skill level 2 in Ice Magic
  3542 | D:4      | Reached skill level 6 in Unarmed Combat
  3542 | D:4      | Reached XP level 7. HP: 48/48 MP: 8/12
  3590 | D:4      | Noticed Grinder
  3601 | D:4      | Paralysed by Grinder for 2 turns
  3824 | D:4      | Paralysed by Grinder for 3 turns
  3829 | D:4      | Killed Grinder
  3829 | D:4      | Reached skill level 4 in Spellcasting
  4113 | D:4      | Reached skill level 3 in Ice Magic
  4226 | D:4      | Noticed Menkaure
  4239 | D:4      | Killed Menkaure
  4239 | D:4      | Reached skill level 7 in Unarmed Combat
  4239 | D:4      | Reached XP level 8. HP: 13/54 MP: 9/14
  4708 | D:4      | Reached skill level 5 in Transmutations
  5304 | D:5      | Entered Level 5 of the Dungeon
  5315 | D:5      | Reached skill level 4 in Ice Magic
  5424 | D:5      | Reached skill level 8 in Unarmed Combat
  5845 | D:5      | Reached skill level 6 in Transmutations
  5882 | D:5      | Found an iron altar of Okawaru.
  5946 | D:5      | Reached skill level 9 in Unarmed Combat
  5991 | D:5      | Learned a level 5 spell: Blade Hands
  6242 | D:5      | Found a deep blue altar of Sif Muna.
  6368 | D:5      | Reached XP level 9. HP: 35/59 MP: 15/15
  6375 | D:5      | Identified Sif Muna's Reference Book on the Compass
  6384 | D:5      | Learned a level 1 spell: Apportation
  6584 | D:6      | Found a glowing drain.
  6627 | Sewer    | Entered a sewer
  7338 | D:6      | Reached skill level 7 in Transmutations
  7339 | D:6      | Reached skill level 10 in Unarmed Combat
  7471 | D:6      | Reached skill level 1 in Throwing
  7766 | D:6      | Reached skill level 2 in Throwing
  8336 | D:6      | Reached skill level 2 in Fighting
  8593 | D:6      | Reached skill level 3 in Dodging
  8892 | D:6      | Reached XP level 10. HP: 52/68 MP: 10/16
  9051 | D:7      | Reached skill level 3 in Fighting
  9051 | D:7      | Reached skill level 11 in Unarmed Combat
  9052 | D:7      | Reached skill level 3 in Throwing
  9073 | D:7      | Found a transporter.
  9077 | D:7      | Found a staircase to the Ecumenical Temple.
  9153 | D:7      | Found a transporter.
  9155 | D:7      | Noticed CasualChangeling's ghost (novice DrWn)
  9190 | D:7      | Killed CasualChangeling's ghost
  9190 | D:7      | Reached skill level 4 in Dodging
  9190 | D:7      | Reached skill level 8 in Transmutations
  9250 | Temple   | Entered the Ecumenical Temple
  9355 | Temple   | Became a worshipper of Cheibriados the Contemplative
  9542 | Temple   | Reached skill level 4 in Fighting
 10448 | D:7      | You fall through a shaft for 2 floors!
 10460 | D:9      | Reached * piety under Cheibriados
 10467 | D:9      | Found a radiant altar of Vehumet.
 10572 | D:8      | Reached skill level 1 in Invocations
 10623 | D:8      | Reached skill level 4 in Throwing
 11551 | D:8      | Reached ** piety under Cheibriados
 11551 | D:8      | Reached skill level 2 in Invocations
 11925 | D:7      | You fall through a shaft for 2 floors!
 12170 | D:9      | Noticed Harold
 12179 | D:9      | Found Uchuxim's Book Shoppe.
 12185 | D:9      | Killed Harold
 12185 | D:9      | Reached skill level 5 in Fighting
 12185 | D:9      | Reached skill level 5 in Dodging
 12185 | D:9      | Reached skill level 12 in Unarmed Combat
 12185 | D:9      | Reached XP level 11. HP: 47/79 MP: 3/17
 12193 | D:9      | Reached skill level 3 in Invocations
 12936 | D:10     | Entered Level 10 of the Dungeon
 13315 | D:10     | Noticed a two-headed ogre
 13319 | D:10     | Killed a two-headed ogre
 13319 | D:10     | Reached skill level 9 in Transmutations
 13345 | D:10     | Killed an unseen horror
 13352 | D:10     | Reached *** piety under Cheibriados
 13360 | D:10     | HP: 1/96 [killer bee (9)]
 13705 | D:10     | Found a large runed door.
 13705 | D:10     | Found a large runed door.
 13770 | D:10     | Found a staircase to the Lair.
 13820 | D:10     | Noticed a white ugly thing
 13834 | D:10     | Killed a white ugly thing
 13834 | D:10     | Reached skill level 5 in Throwing
 13834 | D:10     | Reached skill level 4 in Invocations
 14411 | D:10     | Reached **** piety under Cheibriados
 14425 | D:10     | Reached skill level 6 in Dodging
 14451 | D:10     | Found a staircase to the Orcish Mines.
 14626 | D:10     | Reached skill level 6 in Fighting
 14700 | Lair:1   | Entered Level 1 of the Lair of Beasts
 15236 | Lair:1   | Reached ***** piety under Cheibriados
 15236 | Lair:1   | Reached skill level 5 in Invocations
 15646 | Lair:1   | Reached XP level 12. HP: 56/89 MP: 14/19
 16026 | Lair:2   | Reached skill level 13 in Unarmed Combat
 16203 | Lair:2   | Noticed an eight-headed hydra
 16208 | Lair:2   | Killed an eight-headed hydra
 16506 | Lair:2   | Learned a level 3 spell: Regeneration
 16559 | Lair:2   | Reached skill level 5 in Spellcasting
 16625 | Lair:2   | Found a hole to the Spider Nest.
 17124 | Lair:3   | Noticed an eight-headed hydra
 17134 | Lair:3   | HP: 4/106 [eight-headed hydra (13)]
 17134 | Lair:3   | Slain by an eight-headed hydra

Vault maps used:
D:1:      dpeg_arrival_subterranean_lakeside_camping, serial_forest,
          infiniplex_forest_lined_2, infiniplex_forest_end_3,
          infiniplex_forest_clump_medium, infiniplex_forest_straight_3,
          infiniplex_forest_clump_tiny, infiniplex_forest_straight_4,
          infiniplex_forest_corner_1, minmay_gold_behind_fungi
D:2:      first_ration, serial_forest, infiniplex_forest_straight_5,
          infiniplex_forest_clump_long, infiniplex_forest_clump_diagonal,
          infiniplex_forest_lined_2, infiniplex_forest_lined_room_2,
          infiniplex_forest_end_3, infiniplex_forest_zigzag_1, uniq_robin
D:4:      uniq_edmund, uniq_menkaure, uniq_grinder
D:5:      nicolae_overflow_crystal_walls, led_sif_book
D:6:      gup_sewer_entry_pipe, grunt_ministairs_4
D:7:      minmay_temple_entry_statues_pillars, gammafunk_ghost_mausoleum
D:9:      serial_shops, shop, grunt_ogre_cave, vehumet_altar_wand_db,
          uniq_harold
D:10:     dpeg_oklobed_lair, david_orc_2, lightli_elemental_guards
Temple:   kilobyte_greek_temple
Lair:1:   worms_lemuel, grunt_megastairs_4
Lair:2:   spider_nest_entry_web_field, lemuel_fruit_fields,
          infiniplex_staircase_pool_2
Lair:3:   swamp_mist_pool
Sewer:    sewer_minmay_treatment

Skill      XL: |  1  2  3  4  5  6  7  8  9 10 11 12 |
---------------+-------------------------------------+-----
Unarmed Combat | 4 5 6 7 9 10 12 13 | 13.2
Transmutations | 3 4 6 7 8 9 |  9.0
Poison Magic   | 1 2 |  2.0
Spellcasting   | 3 4 5 |  5.1
Ice Magic      | 2 3 4 |  4.0
Throwing       | 2 4 5 |  5.9
Fighting       | 2 5 6 |  6.8
Dodging        | 3 5 6 |  6.7
Invocations    | 2 5 |  5.8
Charms         | |  0.9
Necromancy     | |  0.8

Action                   |  1- 3 |  4- 6 |  7- 9 | 10-12 || total
-------------------------+-------+-------+-------+-------++-------
Melee: Unarmed           |    95 |    64 |   353 |   465 ||   977
       Headbutt          |     4 |       |       |       ||     4
       Kick              |     1 |       |       |       ||     1
       Punch             |       |       |       |    14 ||    14
 Fire: Hunting sling     |     1 |   128 |   151 |    45 ||   325
Throw: Stone             |       |       |       |     2 ||     2
 Cast: Beastly Appendage |    15 |       |       |       ||    15
       Spider Form       |     2 |    11 |    20 |    19 ||    52
       Ice Form          |       |       |    16 |    20 ||    36
       Blade Hands       |       |       |       |    15 ||    15
       Regeneration      |       |       |       |     2 ||     2
 Abil: End Transformatio |       |     1 |     2 |    12 ||    15
       Hop               |       |     1 |       |     2 ||     3
Evoke: Wand              |       |       |       |     1 ||     1
  Use: Scroll            |       |       |     1 |    13 ||    14
       Potion            |       |       |     1 |     4 ||     5
 Stab: Sleeping          |     1 |       |       |     1 ||     2
  Eat: Chunk             |     3 |     8 |    15 |    27 ||    53
       Ration            |       |       |     3 |     1 ||     4
Armor: Robe              |    19 |     7 |    26 |    50 ||   102
       Skin              |       |     1 |    57 |    29 ||    87
Dodge: Dodged            |    77 |    59 |   236 |   353 ||   725

Table legend:
 A = Non-vault XP
 B = Vault XP
 C = Vault XP percentage of total XP
 D = Non-vault monster count
 E = Vault monster count
 F = Vault count percentage of total count
                 A         B        C        D         E       F
            +---------+---------+-------+---------+---------+-------
      Total |   17844 |    4976 |  21.8 |     294 |     100 |  25.4
            +---------+---------+-------+---------+---------+-------
        D:1 |      38 |      10 |  20.8 |      19 |       6 |  24.0
        D:2 |      35 |      27 |  43.5 |      15 |       7 |  31.8
        D:3 |     159 |       0 |   0.0 |      21 |       0 |   0.0
        D:4 |     605 |     611 |  50.2 |      24 |       3 |  11.1
        D:5 |     851 |      48 |   5.3 |      17 |       2 |  10.5
        D:6 |    1915 |     173 |   8.3 |      50 |      11 |  18.0
        D:7 |    1066 |    1210 |  53.2 |      21 |       4 |  16.0
        D:8 |    1386 |       0 |   0.0 |      25 |       0 |   0.0
        D:9 |     986 |    1130 |  53.4 |      21 |       3 |  12.5
       D:10 |    5019 |     710 |  12.4 |      50 |      12 |  19.4
     Temple |      89 |       0 |   0.0 |       6 |       0 |   0.0
     Lair:1 |    1953 |     485 |  19.9 |      10 |       3 |  23.1
     Lair:2 |    3319 |     373 |  10.1 |      12 |       1 |   7.7
     Lair:3 |     423 |       0 |   0.0 |       3 |       0 |   0.0
      Sewer |       0 |     199 | 100.0 |       0 |      48 | 100.0
            +---------+---------+-------+---------+---------+-------
